 Dungeon Crawl Stone Soup version 0.29.0-13-gc9e81de378 (webtiles) character file.

Game seed: 7272243096729834729

131 SensoryNuts the Chopper (level 5, 0/46 HPs)
             Began as a Hill Orc Fighter on Sept 8, 2022.
             Succumbed to Terence's poison
             ... on level 3 of the Dungeon.
             The game lasted 00:01:22 (1840 turns).

SensoryNuts the Chopper (Hill Orc Fighter)          Turns: 1840, Time: 00:01:23

Health: 0/46       AC:  7    Str: 21    XL:     5   Next: 14%
Magic:  5/5        EV:  9    Int:  8    God:
Gold:   125        SH:  4    Dex: 10    Spells: 4/4 levels left

rFire   . . .      SeeInvis .   a - +0 war axe
rCold   . . .      Faith    .   c - +0 buckler
rNeg    . . .      Spirit   .   b - +0 scale mail
rPois   .          Reflect  .   (no helmet)
rElec   .          Harm     .   (no cloak)
rCorr   .          Rampage  .   (no gloves)
Will    .....                   (no boots)
Stlth   ..........              (no amulet)
HPRegen 0.15/turn               (no ring)
MPRegen 0.09/turn               (no ring)

@: mighty, lethally poisoned (0 -> -28)
A: no striking features
a: no special abilities


You were on level 3 of the Dungeon.
You visited 1 branch of the dungeon, and saw 3 of its levels.

You collected 125 gold pieces.

Inventory:

Hand Weapons
 a - a +0 war axe (weapon)
Armour
 b - a +0 scale mail (worn)
 c - a +0 buckler (worn)
Jewellery
 h - a ring of fire
Scrolls
 f - a scroll of torment
 i - a scroll of teleportation {unknown}
Potions
 e - a potion of mutation {unknown}
 g - 2 potions of lignification {unknown}


   Skills:
 + Level 4.2 Fighting
 * Level 5.2 Axes
 + Level 4.1 Armour
 + Level 3.7 Shields


You had 4 spell levels left.
You didn't know any spells.
Your spell library was empty.

Dungeon Overview and Level Annotations

Branches:
Dungeon (3/15)

Altars:

Shops:
D:1 *:*(

Annotations:
D:3 Terence


Message History

You hit Terence but do no damage.
You feel very sick. Terence barely misses you.
You barely miss Terence.
You feel very sick. Terence barely misses you.
You barely miss Terence.
You feel sick.
Terence hits you with a +2 flail of venom.
You are more poisoned.
You block Terence's attack.
You barely miss Terence.
You feel very sick. Terence hits you but does no damage.
You are more poisoned.
You hit Terence but do no damage.
You feel very sick. Terence hits you but does no damage.
You are lethally poisoned!
You are too injured to fight recklessly!
You are too injured to fight recklessly!
You are too injured to fight recklessly!
You are too injured to fight recklessly!
You are too injured to fight recklessly!
You are too injured to fight recklessly!
You are too injured to fight recklessly!
You are too injured to fight recklessly!
There is a lethal amount of poison in your body!
There is a lethal amount of poison in your body!
Unknown command.
You feel very mighty all of a sudden.
You feel very sick. Terence closely misses you.
You closely miss Terence.
* * * LOW HITPOINT WARNING * * *
You feel very sick.
Terence hits you with a +2 flail of venom.
* * * LOW HITPOINT WARNING * * *
You are more poisoned.
You closely miss Terence.
You die...

..# #.#. .# #.##.##.
.# #.#.# #. .# #
#.#. #. ##.#.#.#
#.#.###.
#....#.#.####.##.##.
#.#...........##....
#.#@#.# #.##.....>..
#.#@.# #.......###
#.#.## ##..##### #
#?#:# #..# # #.#.##
##.<# # #....##
##(#.# #
###...###.##.# #
#..#...###.# #
#..........# #
#..#########


You could see Terence.

Vanquished Creatures
  6 adders
  A worm (D:2)
  2 dart slugs
  5 orcs (D:3)
  3 bats
  3 endoplasms (D:1)
  3 giant cockroaches (D:1)
  7 goblins
  6 hobgoblins
  4 jackals (D:1)
  3 quokkas
  7 ball pythons
  A frilled lizard (D:1)
  5 kobolds
  5 rats
61 creatures vanquished.

Notes
Turn   | Place    | Note
-------+----------+-------------------------------------------
     0 | D:1      | SensoryNuts the Hill Orc Fighter began the quest for the
                  | Orb.
     0 | D:1      | Reached XP level 1. HP: 19/19 MP: 1/1
    53 | D:1      | Reached skill level 3 in Axes
    53 | D:1      | Reached XP level 2. HP: 22/27 MP: 2/2
   200 | D:1      | Found Qononod's Book Shop.
   281 | D:1      | Reached XP level 3. HP: 31/33 MP: 3/3
   572 | D:1      | Found Naniez's Assorted Antiques.
   636 | D:1      | Found a faded altar of an unknown god.
   676 | D:1      | Found Riush's General Store.
   844 | D:1      | Found Qaogriha's Weapon Emporium.
   880 | D:1      | Reached skill level 4 in Axes
  1058 | D:2      | Reached XP level 4. HP: 40/40 MP: 4/4
  1368 | D:2      | Reached skill level 5 in Axes
  1695 | D:3      | Reached XP level 5. HP: 36/46 MP: 5/5
  1829 | D:3      | Noticed Terence
  1840 | D:3      | Succumbed to Terence's poison

Illustrated notes

Levels and vault maps discovered:
D:1:      giann_horns, layout_basic, serial_shops, shop, shop, shop,
          nicolae_shop_advertising_works [nicolae_subvault_shop_adworks],
          dilly_ecumenical_altar_fadedgnrine, minmay_misc_feat_square
D:2:      layout_rooms, serial_rivers, chequers_serial_rivers_micro_a,
          chequers_serial_rivers_room_b, chequers_serial_rivers_micro_c,
          chequers_serial_rivers_micro_b, chequers_serial_rivers_small_3
D:3:      layout_loops_ring, mainiacjoe_overflow_alcove_2,
          nicolae_overflow_hidden_temple, uniq_terence

Skill      XL: |  1  2  3  4 |
---------------+-------------+-----
Axes           | 3 4 5 |  5.2
Fighting       | 4 |  4.2
Armour         | 4 |  4.1
Shields        | |  3.7

Action                   |  1- 3 |  4- 6 || total
-------------------------+-------+-------++-------
Melee: War axe           |   110 |    50 ||   160
  Use: Scroll            |       |     1 ||     1
       Potion            |       |     1 ||     1
Armor: Scale mail        |    61 |    23 ||    84
Dodge: Dodged            |    59 |    18 ||    77
Block: Buckler           |    26 |    10 ||    36
